Cogmind - Beta 12 *** ADVENTURER MODE // 2023.05.09 @ 03:23:03 Player: Deep Beef Result: Destroyed self with Heavy Rocket Launcher Performance ------------- Evolutions (3) 1500 Regions Visited (7) 1400 Robots Destroyed (85) 425 Value Destroyed (3039) 3039 Prototype IDs (8) 160 Alien Tech Used (0) 0 Bonus (332) 332 TOTAL SCORE: 6856 Bonus ------- High Alert Combat Kills 33 Follower Combat Kills 99 Entered Garrisons 200 Cogmind --------- Core Integrity 0/700 Matter 150/300 Energy 95/100 System Corruption 1% Temperature Cool (0) Movement Core (2350) Ox46 Location -7/Garrison Parts ------- > --- POWER (1) -------- (None) > --- PROPULSION (4) --- (None) > --- UTILITY (6) ------ Cargo Storage Unit Advanced Visual Processing Unit Improved Melee Analysis Suite > --- WEAPON (2) ------- (None) > --- INVENTORY (30) --- Deuterium Engine Improved Deuterium Engine Cargo Storage Unit Weight Redist. System Targeting Computer Target Analyzer Core Analyzer Core Shielding Improved Utility Shielding Improved Weapon Shielding Improved Medium Armor Plating System Shield Improved Trap Extractor (0/6) Improved Trap Extractor (0/6) Heavy Laser Welding Torch Heavy Mace Peak State ------------ > --- POWER ------------ Nuclear Core > --- PROPULSION ------- Armored Huge Wheel Armored Huge Wheel > --- UTILITY ---------- Cargo Storage Unit Advanced Visual Processing Unit Improved Sensor Array Improved Signal Interpreter Improved Utility Shielding > --- WEAPON ----------- Heavy Laser Gauss Rifle > --- INVENTORY -------- Deuterium Engine Deuterium Engine Improved Deuterium Engine Armored Huge Wheel Armored Huge Wheel Cargo Storage Unit Weight Redist. System Targeting Computer Improved Melee Analysis Suite Target Analyzer Core Analyzer Force Booster Core Shielding Improved Utility Shielding Improved Utility Shielding Improved Weapon Shielding Improved Medium Armor Plating System Shield Improved Trap Extractor Improved Trap Extractor Lightning Gun Flak Cannon Flak Cannon Heavy Rocket Launcher Welding Torch Heavy Mace Chainsword [Rating: 50] Favorites ----------- Power Ion Engine Engine Ion Engine Power Core Nuclear Core Propulsion Armored Huge Wheel Treads Light Treads Leg Titanium Leg Wheel Armored Huge Wheel Utility Improved Utility Shielding Device Improved Sensor Array Storage Cargo Storage Unit Processor Advanced Visual Processing Unit Protection Improved Utility Shielding Weapon Flak Cannon Energy Gun Particle Gun Ballistic Gun High-powered Shotgun Ballistic Cannon Flak Cannon Launcher Grenade Launcher Special Weapon Welding Torch Slashing Weapon Chainsword Build | -11 -10 -10 -9 -9 -8 -7 -7 ------- Run | Jun Mat Min Mat Min Mat Fac Gar Slots Evolved 6 | . . . 2 . 2 2 . Power . | . . . . . . . . Propulsion 2 | . . . . . 2 . . Utility 4 | . . . 2 . . 2 . Weapon . | . . . . . . . . Parts Attached 71 | 6 3 1 13 7 17 5 19 Power 7 | 1 1 . 1 1 2 . 1 Engine 6 | 1 1 . 1 1 1 . 1 Core 1 | . . . . . 1 . . Reactor . | . . . . . . . . Propulsion 18 | 2 . . 7 2 4 1 2 Treads 5 | . . . 5 . . . . Leg 6 | . . . 2 2 2 . . Wheel 7 | 2 . . . . 2 1 2 Hover . | . . . . . . . . Flight . | . . . . . . . . Utility 15 | 1 1 . 5 . 2 2 4 Device 2 | . . . . . . 1 1 Storage 3 | 1 1 . 1 . . . . Processor 4 | . . . 1 . 1 1 1 Hackware . | . . . . . . . . Protection 6 | . . . 3 . 1 . 2 Artifact . | . . . . . . . . Weapon 31 | 2 1 1 . 4 9 2 12 Energy Gun 7 | 1 . 1 . . 1 1 3 Energy Cannon . | . . . . . . . . Ballistic Gun 5 | 1 1 . . . 2 1 . Ballistic Cannon 7 | . . . . . 4 . 3 Launcher 5 | . . . . 1 2 . 2 Special Weapon 3 | . . . . 3 . . . Impact Weapon . | . . . . . . . . Slashing Weapon 4 | . . . . . . . 4 Piercing Weapon . | . . . . . . . . Special Melee Weapon . | . . . . . . . . Unidentified Prototypes . | . . . . . . . . Parts Lost 25 | . 1 2 2 3 1 . 16 Power 3 | . . . . 1 . . 2 Propulsion 7 | . . 1 1 . 1 . 4 Utility 4 | . . . . . . . 4 Weapon 11 | . 1 1 1 2 . . 6 Highest Loss Streak 6 | . 1 2 2 5 1 . 6 To Critical Strikes 2 | . . . . . 1 . 1 Average Slot Usage (%) 81 | . 92 94 89 82 76 75 71 Engine 8 | . 14 14 11 9 7 . 2 Core 1 | . . . . . 1 7 3 Treads 1 | . . . 17 . . . . Leg 5 | . . . 1 20 9 . . Wheel 14 | . 28 23 1 . 12 15 13 Device 1 | . . . . . . 7 6 Storage 10 | . 14 14 11 11 9 7 7 Processor 8 | . . . 11 11 9 15 14 Protection 9 | . 7 14 13 11 9 7 6 Energy Gun 3 | . 5 4 11 . . 5 2 Ballistic Gun 8 | . 21 23 10 . 4 7 2 Ballistic Cannon 4 | . . . . . 11 1 4 Special Weapon 1 | . . . . 15 1 . . Naked Turns . | . . . . . . . . Heaviest Build 168 | 12 29 30 153 151 163 159 168 Greatest Support 68 | 26 26 26 40 34 68 56 56 Greatest Overweight (x) 49 | 2 1 1 7 4 3 2 49 Average Overweight (x) 1 | . . 1 1 4 2 2 2 Largest Inventory Capacity 30 | 8 15 15 30 30 30 30 30 Average Capacity 25 | 7 13 15 25 30 30 30 30 Most Carried 30 | . 10 11 16 15 30 30 30 Average Carried 18 | . 4 10 14 12 23 29 25 Final Capacity 30 | 8 15 15 30 30 30 30 30 Final Carried 30 | . 10 10 16 12 29 30 18 Class Distribution -------------------- 56% | Hauler-Mutant 26% | Mutant 14% | Hauler-Skirmisher 3% | Hauler-Assassin Dominant Class ---------------- Mutant | -10/Materials Mutant | -10/Mines Hauler-Mutant | -9/Materials Hauler-Mutant | -9/Mines Hauler-Mutant | -8/Materials Hauler-Skirmisher | -7/Factory Hauler-Mutant | -7/Garrison Resources | -11 -10 -10 -9 -9 -8 -7 -7 ----------- Run | Jun Mat Min Mat Min Mat Fac Gar Matter Collected 2135 | 86 214 155 37 68 919 . 656 Remotely . | . . . . . . . . Salvage Created 2756 | . 254 204 145 49 1085 104 915 Parts 147 | . 21 13 3 9 76 5 20 Haulers Intercepted 4 | . . . . . 3 1 . Recyclers Shooed 2 | . . 1 . . 1 . . Parts Field Recycled . | . . . . . . . . Retrieved Matter . | . . . . . . . . Parts Self-Destructed . | . . . . . . . . Prevented . | . . . . . . . . Kills | -11 -10 -10 -9 -9 -8 -7 -7 ------- Run | Jun Mat Min Mat Min Mat Fac Gar Combat Hostiles Destroyed 121 | . 8 3 3 3 31 1 72 Melee 16 | . . . . 2 . . 14 Guns 29 | . 7 3 3 1 5 1 9 Cannons 47 | . . . . . 19 . 28 AOE 28 | . 1 . . . 6 . 21 Classes Destroyed 15 | . 3 2 2 . 6 1 1 Worker 4 | . . . . . 4 . . Builder 3 | . . . . . 3 . . Tunneler 1 | . . 1 . . . . . Hauler 4 | . . . . . 3 1 . Recycler 1 | . . 1 . . . . . Mechanic 2 | . . . . . 2 . . Operator 1 | . . . . . 1 . . Watcher 7 | . 3 . . . 4 . . Swarmer 14 | . 6 1 . 3 4 . . Grunt 31 | . 2 2 1 . 16 . 10 Brawler 3 | . . . 1 . 1 . 1 Sentry 11 | . . . 1 . 8 . 2 Hunter 2 | . . . . . 2 . . Programmer 1 | . . . . . . 1 . Assembled 59 | . . . . . . . 59 Best Kill Streak 28 | . 3 2 1 1 7 1 28 Combat Bots Only 28 | . 3 2 1 1 6 1 28 Max Kills in Single Turn 10 | . 1 1 1 1 4 1 10 Gunslinging . | . . . . . . . . Exploded 10 | . 1 . . . 2 . 10 Melee 1 | . . . . 1 . . 1 Uniques/NPCs Destroyed . | . . . . . . . . Combat | -11 -10 -10 -9 -9 -8 -7 -7 -------- Run | Jun Mat Min Mat Min Mat Fac Gar Damage Taken 5452 | . 365 84 404 513 1187 24 2875 Core 1228 | . 125 29 56 156 161 . 701 Absorbed by Shields . | . . . . . . . . Redirected to Shielding 366 | . . . 19 26 41 . 280 Core Remaining (%) 63 | 100 . 38 . 47 70 . . Volleys Fired 243 | . 37 15 12 9 85 4 81 Largest 2 | . 2 2 2 2 2 2 2 Hottest 165 | . 60 40 85 165 88 97 124 Shots Fired 418 | . 66 29 21 14 147 8 133 Gun 228 | . 66 29 21 5 53 8 46 Cannon 167 | . . . . . 84 . 83 Launcher 14 | . . . . . 10 . 4 Special 9 | . . . . 9 . . . Kinetic 319 | . 48 29 12 . 124 4 102 Thermal 54 | . . . 9 14 13 4 14 Explosive 14 | . . . . . 10 . 4 Electromagnetic 31 | . 18 . . . . . 13 Robot Hit Streak 29 | . 11 13 8 10 27 3 29 Robot Miss Streak 13 | . 2 1 1 1 13 1 5 Penetration Max 1 | . . . . . . . 1 Secondary Targets 1 | . 1 . . . . . . Max Gunslinging Chain 1 | . 1 . . . . . . Shots Hit Robots 370 | . 50 25 17 10 130 4 134 Core Hits 357 | . 17 10 6 5 148 3 168 Critical Kills 1 | . . . 1 . . . . Critical Parts Destroyed 3 | . . . . . 2 . 1 Critical Strikes 8 | . . . 2 3 2 . 1 Burn 4 | . . . 1 3 . . . Destroy 4 | . . . 1 . 2 . 1 Melee Attacks 40 | . . . . . . . 40 Impact . | . . . . . . . . Slashing 40 | . . . . . . . 40 Piercing . | . . . . . . . . Sneak Attacks . | . . . . . . . . Combat Hostiles . | . . . . . . . . Follow-up Attacks . | . . . . . . . . Damage Inflicted 10312 | . 658 258 201 196 4062 85 4852 Guns 2874 | . 597 258 201 61 1012 85 660 Cannons 3112 | . . . . . 1568 . 1544 Explosions 2898 | . 61 . . . 1360 . 1477 Melee 1171 | . . . . . . . 1171 Ramming 174 | . . . . 52 122 . . Kinetic 5101 | . 436 258 74 . 2419 43 1871 Thermal 712 | . 61 . 127 144 161 42 177 Explosive 2837 | . . . . . 1360 . 1477 Electromagnetic 317 | . 161 . . . . . 156 Impact . | . . . . . . . . Slashing 1171 | . . . . . . . 1171 Piercing . | . . . . . . . . Highest Corruption 1 | . . . . . . . 1 Average Corruption 1 | . . . . . . . 1 Corruption Purged . | . . . . . . . . Corruption Blocked . | . . . . . . . . Overload Shots . | . . . . . . . . Overflow Damage 290 | . 12 . . 4 133 . 141 Projectiles 13 | . . . . 4 4 . 5 Explosions 167 | . 12 . . . 129 . 26 Melee 110 | . . . . . . . 110 Knockbacks 113 | . . . . . 49 . 64 Impact . | . . . . . . . . Kinetic 107 | . . . . . 47 . 60 Secondary 6 | . . . . . 2 . 4 Self-Inflicted Damage 228 | . 24 . . . 105 . 99 Shots 6 | . 1 . . . 2 . 3 Rammed 2 | . . . . . 2 . . Targets Rammed 14 | . . . . 10 4 . . Kicked 12 | . . . . 10 2 . . Crushed . | . . . . . . . . Highest Temperature 240 | . 99 21 158 240 81 45 189 Average Temperature 36 | . 34 4 71 121 19 21 38 Received Heat Transfer 1556 | . 168 54 165 . 459 . 710 Siege Activations . | . . . . . . . . Robots Corrupted . | . . . . . . . . Combat Hostiles . | . . . . . . . . Parts Fried . | . . . . . . . . Impact Corruptions . | . . . . . . . . Robots Melted 1 | . . . . . 1 . . Combat Hostiles 1 | . . . . . 1 . . Parts Melted 4 | . . . . 1 3 . . Heat Transferred 1854 | . 50 . 370 620 407 74 333 Parts Sabotaged . | . . . . . . . . Parts Stolen . | . . . . . . . . Parts Stripped . | . . . . . . . . Power Chain Reactions 1 | . 1 . . . . . . Missiles Intercepted . | . . . . . . . . Alert | -11 -10 -10 -9 -9 -8 -7 -7 ------- Run | Jun Mat Min Mat Min Mat Fac Gar Peak Influence 591 | . 157 106 159 114 339 132 591 Initial 120 | . . 7 24 39 . 120 25 Average 141 | . 60 54 68 66 157 77 396 Maximum Alert Level 2 | . . . . . 1 . 2 Low Security (%) 72 | 100 100 100 100 100 54 100 14 Level 1 21 | . . . . . 45 . 35 Level 2 6 | . . . . . . . 49 Level 3 . | . . . . . . . . Level 4 . | . . . . . . . . Level 5 . | . . . . . . . . High Security . | . . . . . . . . Max Security . | . . . . . . . . Squads Dispatched 5 | . . . 1 . 3 1 . Investigation 2 | . . . 1 . 1 . . Extermination 1 | . . . . . . 1 . Reinforcement 2 | . . . . . 2 . . Assault . | . . . . . . . . Garrison . | . . . . . . . . Intercept . | . . . . . . . . Searches Triggered . | . . . . . . . . Construction Impeded . | . . . . . . . . Haulers Reinforced . | . . . . . . . . Active Scanning Responses . | . . . . . . . . Cargo Convoy Interrupts . | . . . . . . . . Stealth | -11 -10 -10 -9 -9 -8 -7 -7 --------- Run | Jun Mat Min Mat Min Mat Fac Gar Distress Signals 2 | . . . . . 2 . . Communications Jammed . | . . . . . . . . Distress Signals . | . . . . . . . . Times Spotted 180 | . 16 7 12 6 46 1 92 Peak Tracking Total 19 | . 3 3 7 4 4 1 19 Tactical Retreats 10 | . . 1 . 2 . . 7 Traps | -11 -10 -10 -9 -9 -8 -7 -7 ------- Run | Jun Mat Min Mat Min Mat Fac Gar Traps Triggered 5 | . . . 1 . 3 . 1 Indirectly . | . . . . . . . . Trap Hack Attempts . | . . . . . . . . Triggered . | . . . . . . . . Disarmed . | . . . . . . . . Reprogrammed . | . . . . . . . . Reused . | . . . . . . . . Traps Extracted . | . . . . . . . . Installed . | . . . . . . . . Triggered . | . . . . . . . . Machines | -11 -10 -10 -9 -9 -8 -7 -7 ---------- Run | Jun Mat Min Mat Min Mat Fac Gar Machines Disabled 6 | . . . . . 3 . 3 Max in Single Turn 2 | . . . . . 1 . 2 Garrison Relay 1 | . . . . . . . 1 Phase Generator 1 | . . . . . . . 1 Machines Repaired . | . . . . . . . . Machines Sabotaged . | . . . . . . . . Overloaded Fab Kills . | . . . . . . . . Hacking | -11 -10 -10 -9 -9 -8 -7 -7 --------- Run | Jun Mat Min Mat Min Mat Fac Gar Machines Accessed 24 | . 8 . . . 13 3 . Terminals 17 | . 7 . . . 9 1 . Fabricators . | . . . . . . . . Repair Stations 1 | . 1 . . . . . . Recycling Units 1 | . . . . . 1 . . Scanalyzers 2 | . . . . . 2 . . Garrison Access 3 | . . . . . 1 2 . Total Hacks 82 | . 21 . . . 58 3 . Successful 60 | . 13 . . . 44 3 . Failed 22 | . 8 . . . 14 . . Catastrophic 1 | . 1 . . . . . . Database Lockouts . | . . . . . . . . Manual 32 | . 12 . . . 20 . . Terminals 53 | . 20 . . . 32 1 . Fabricators . | . . . . . . . . Repair Stations 1 | . 1 . . . . . . Recycling Units 3 | . . . . . 3 . . Scanalyzers 22 | . . . . . 22 . . Garrison Access 3 | . . . . . 1 2 . Terminal Hacks 18 | . 6 . . . 11 1 . Robot Analysis 2 | . 1 . . . 1 . . Prototype ID Bank 4 | . 1 . . . 3 . . Open DSF 1 | . . . . . . 1 . Branch Access Points 2 | . 1 . . . 1 . . Emergency Access Points 2 | . 1 . . . 1 . . Terminal Index 1 | . . . . . 1 . . Alert Level 2 | . 1 . . . 1 . . Unreport Threat 1 | . . . . . 1 . . Locate Traps 1 | . 1 . . . . . . Zone Layout 2 | . . . . . 2 . . Fabricator Hacks . | . . . . . . . . Repair Station Hacks 1 | . 1 . . . . . . Refit 1 | . 1 . . . . . . Recycling Unit Hacks 3 | . . . . . 3 . . Process 1 | . . . . . 1 . . Retrieve Matter 2 | . . . . . 2 . . Scanalyzer 22 | . . . . . 22 . . Insert Component 10 | . . . . . 10 . . Analyze 12 | . . . . . 12 . . Garrison Access Hacks 3 | . . . . . 1 2 . Unlock Access 3 | . . . . . 1 2 . Unauthorized Hacks 13 | . 6 . . . 7 . . Terminals 13 | . 6 . . . 7 . . Botnet 13 | . 6 . . . 7 . . Fabricators . | . . . . . . . . Repair Stations . | . . . . . . . . Recycling Units . | . . . . . . . . Scanalyzers . | . . . . . . . . Garrison Access . | . . . . . . . . Data Cores Recovered . | . . . . . . . . Used . | . . . . . . . . Hacking Detections 20 | . 8 . . . 12 . . Full Trace Events 2 | . 1 . . . 1 . . Feedback Events . | . . . . . . . . Feedback Blocked . | . . . . . . . . Robot Schematics Acquired . | . . . . . . . . Robots Built . | . . . . . . . . Authchips . | . . . . . . . . Time . | . . . . . . . . Total Robot Build Rating . | . . . . . . . . Part Schematics Acquired 10 | . . . . . 10 . . Parts Built . | . . . . . . . . Authchips . | . . . . . . . . Time . | . . . . . . . . Total Part Build Rating . | . . . . . . . . Parts Repaired . | . . . . . . . . Time . | . . . . . . . . Parts Recycled . | . . . . . . . . Recycled Matter 66 | . . . . . 66 . . Retrieved Matter 66 | . . . . . 66 . . Retrieved Components . | . . . . . . . . Parts Scanalyzed 10 | . . . . . 10 . . Part Schematics Acquired 10 | . . . . . 10 . . Parts Damaged . | . . . . . . . . Bothacking | -11 -10 -10 -9 -9 -8 -7 -7 ------------ Run | Jun Mat Min Mat Min Mat Fac Gar Used RIF Installer . | . . . . . . . . Robots Hacked . | . . . . . . . . Non-combat . | . . . . . . . . Combat . | . . . . . . . . Robot Hacks Applied . | . . . . . . . . Relay Couplers Released 3 | . . . . . . . 3 Machine Destruction 3 | . . . . . . . 3 Fabnet Peak Effective % . | . . . . . . . . Robots Rewired . | . . . . . . . . Allies Hacked . | . . . . . . . . Hacks Repelled . | . . . . . . . . Allies | -11 -10 -10 -9 -9 -8 -7 -7 -------- Run | Jun Mat Min Mat Min Mat Fac Gar Total Allies 3 | . . 3 . . . . . Largest Group 3 | . . 3 1 . . . . Highest-Rated Group 40 | . . 40 16 . . . . Highest-Rated Ally 16 | . . 16 16 . . . . Total Orders . | . . . . . . . . Ally Attacks 25 | . . 16 9 . . . . Total Damage 230 | . . 122 108 . . . . Kills 5 | . . 3 2 . . . . Allies Corrupted . | . . . . . . . . Allies Melted . | . . . . . . . . Intel | -11 -10 -10 -9 -9 -8 -7 -7 ------- Run | Jun Mat Min Mat Min Mat Fac Gar Robot Analysis Total 2 | . 1 . . . 1 . . Derelict Logs Recovered 1 | . . 1 . . . . . Drone Launches . | . . . . . . . . Drone Recoveries . | . . . . . . . . Exploration | -11 -10 -10 -9 -9 -8 -7 -7 ------------- Run | Jun Mat Min Mat Min Mat Fac Gar Turns Passed 6525 | 39 970 610 368 606 2357 719 856 Spaces Moved 3705 | 33 815 523 111 125 1240 528 330 Core 6 | 5 . . . . . . 1 Treads 76 | . . . 76 . . . . Legs 335 | . . . 7 125 203 . . Wheels 3288 | 28 815 523 28 . 1037 528 329 Hover . | . . . . . . . . Flight . | . . . . . . . . Fastest Speed 50 | 50 90 105 115 410 130 130 130 Average Speed 143 | 90 101 107 279 410 155 130 139 Slowest Speed 2500 | 150 105 115 720 410 340 130 2500 Overloaded Moves . | . . . . . . . . Propulsion Burnouts . | . . . . . . . . Robots Hopped . | . . . . . . . . Cave-ins Triggered . | . . . . . . . . Exploration Rate (%) 46 | 3 98 99 15 17 95 14 34 Regions Visited 7 Branch Regions 2 Pre-discovered Areas . | . . . . . . . . Known Exits Taken 3 | . 1 . 1 . . 1 . Unknown Exits Taken 4 | 1 . 1 . 1 1 . . Scrap Searched 2 | . . 1 . 1 . . . Spaces Dug 7 | . . . . . . . 7 Terrain Destroyed 172 | . 3 . . . 63 1 105 Melee 7 | . . . . . . . 7 Projectile 1 | . . . . . . 1 . AOE 164 | . 3 . . . 63 . 98 Terrain Rammed . | . . . . . . . . Walls Destroyed . | . . . . . . . . Machines Disabled . | . . . . . . . . Actions | -11 -10 -10 -9 -9 -8 -7 -7 --------- Run | Jun Mat Min Mat Min Mat Fac Gar Total 4401 | 38 897 542 156 167 1517 554 530 Wait 249 | . 30 3 . 14 135 8 59 Move 3698 | 32 814 522 110 124 1239 527 330 Hop . | . . . . . . . . Pick Up 57 | . 10 1 14 2 25 5 . Fast Attach 14 | 6 2 . 1 . 3 2 . Attach 30 | . . 1 6 6 5 2 10 Detach 2 | . . . 1 . 1 . . Swap 27 | . 1 . 6 1 9 1 9 Drop 27 | . 3 . 6 1 11 5 1 Fire 243 | . 37 15 12 9 85 4 81 Melee 40 | . . . . . . . 40 Ram 2 | . . . . . 2 . . Kick 12 | . . . . 10 2 . . Crush . | . . . . . . . . Escape Stasis . | . . . . . . . . Rewire . | . . . . . . . . Trap . | . . . . . . . . Miscellaneous . | . . . . . . . . Route ------- -11/Junkyard -10/Materials (discovered 5 exits: [*Mat x3] / *Min x2) -10/Mines (discovered 2 exits: [*Mat x2]) -9/Materials -9/Mines -8/Materials (discovered 4 exits: *Fac x3 / Gar) -7/Factory (discovered 5 exits: [*Fac] / *Low x2 / Gar / Gar) -7/Garrison History --------- Turn | Location | Event 19 | -11/Junkyard | Discovered new exit (range 15) 40 | -11/Junkyard | Entered Materials 57 | -10/Materials | Discovered new exit (range 14) 115 | -10/Materials | Discovered new exit (range 15) 300 | -10/Materials | Discovered new exit (range 4) 315 | -10/Materials | Build established: Mutant 537 | -10/Materials | Discovered new exit (range 5) 543 | -10/Materials | Identified exit to Mines 1010 | -10/Materials | Entered Mines 1086 | -10/Mines | Assisted by bots powering up and referring to "LRC-V3" 1348 | -10/Mines | Discovered new exit (range 4) 1414 | -10/Mines | Discovered new exit (range 5) 1422 | -10/Mines | Core integrity fell below 50% 1620 | -10/Mines | Entered Materials 1620 | -9/Materials | Accompanied by 1 ally 1620 | -9/Materials | Evolved 2 slots: Utility x2 1621 | -9/Materials | Identified exit to Mines 1988 | -9/Materials | Entered Mines 1989 | -9/Mines | Assembled infested the area 2009 | -9/Mines | Build established: Hauler-Mutant 2055 | -9/Mines | Lost 5 parts (1p1n3w) 2067 | -9/Mines | Core integrity fell below 50% 2191 | -9/Mines | Discovered new exit (range 6) 2594 | -9/Mines | Entered Materials 2594 | -8/Materials | Evolved 2 slots: Propulsion x2 2642 | -8/Materials | Identified exit to Garrison 3617 | -8/Materials | Discovered new exit (range 13) 4294 | -8/Materials | Discovered new exit (range 9) 4802 | -8/Materials | Discovered new exit (range 12) 4951 | -8/Materials | Entered Factory 4951 | -7/Factory | Evolved 2 slots: Utility x2 4963 | -7/Factory | Discovered new exit (range 7) 5133 | -7/Factory | Identified exit to Lower Caves 5251 | -7/Factory | Build established: Hauler-Skirmisher 5264 | -7/Factory | Identified exit to Garrison 5529 | -7/Factory | Discovered new exit (range 3) 5533 | -7/Factory | Discovered exit to Lower Caves (range 13) 5636 | -7/Factory | Identified exit to Garrison 5670 | -7/Factory | Entered Garrison 5757 | -7/Garrison | Phase Generator disabled 5842 | -7/Garrison | Triggered checkpoint 5952 | -7/Garrison | Triggered checkpoint 5954 | -7/Garrison | Garrison Relay disabled 6126 | -7/Garrison | Assembled breached garrison interior 6126 | -7/Garrison | Lost 3 parts (1p1n1u) 6377 | -7/Garrison | Destroyed 23 combat bots 6384 | -7/Garrison | Lost 3 parts (1n2w) 6413 | -7/Garrison | Build established: Hauler-Mutant 6426 | -7/Garrison | Core integrity fell below 50% 6495 | -7/Garrison | Core integrity fell below 20% 6509 | -7/Garrison | Destroyed 28 combat bots 6526 | -7/Garrison | Destroyed self with Heavy Rocket Launcher Last Messages --------------- Acquired 19 matter. Acquired 12 matter. Critical hit (Destroy). Arm. Huge Wheel destroyed. Destroyed Asb. Hover Unit. Destroyed Asb. Heavy Rifle. as-97860 destroyed. Imp. Utility Shielding destroyed. Force Booster destroyed. Destroyed Asb. Hover Unit. as-93178 destroyed. Chainsword destroyed. as-89634 destroyed. as-66291 destroyed. as-18923 destroyed. as-99023 destroyed. as-03684 destroyed. as-04585 destroyed. Hvy. Rocket Launcher destroyed. Destroyed Hvy. Rocket Launcher. Map ----- +----------------------------------------------------+ | # #??????????????????????#""" "?###????????????? | | # #??????????????????###### !!###"##???????????? | | # #??????????????????# ! ##??????????? | | # #??????????????????# "#??????????? | | # #??????????????????# ### ####"##??????????? | | # #??????????????????# #?# = #??###???????????? | | # #################### #?##*##????????????????? | | " #### #?????????????????? | | # [ * #?????????????????? | | # !!! ######?????????????????? | | # ## ######=##### #??????????????????????? | | #####% #???# #???# #??????????????????????? | | = #???# #???# #??????????????????????? | | # #######[##### #??????????????????????? | | # != ! #??????????????????????? | | # #####%##### #??????????????????????? | | #??## ##??# #??????????????????????? | | # #??# #??# #??????????????????????? | | ##### #### #??????????????????????? | | %=% #??????????????????????? | | / #??????????????????????? | | # # ### ######## #??????????????????????? | | ### "# ###?# #??????# #??????????????????????? | | ??#######??## ##?????# #?#????????????????????? | | ???????????#! !#?????# ## ####????????????????? | | ???????????#! !#????## @ ;#########????#?????? | | ???????????#! !#????# % %% %aa #?? #?????? | | ???????????#! !#???# % %##% # # ### ##? | | ???????????#!!!!#???# % a[% %* #? | | ???????????## ##???# !a% % [ | | ????????????# #????# a a %% | | ????????????####????# #### % ## ## | | ????????????????????## ##??### #?????? | | ?????????????????????#######????? * ???? | | ????????????????????????????????? % % % ?? | | ???????????????????????????????? *=% % % ! | | ???????????????????????????????? [%[%%% %%# # | | ????????????????????????????????## ##%[ ### ## | | ?????????????????????????????????# #?=% #???##? | | ?????????????????????????????????# ?? % ????? | | ????????????????????????????????? ?? % #???? | | ?????????????????????????????????# ?? % #???? | | ?????????????????????????????????## ##??% ## ???? | | ??????????????????????????????????? #????%#?# ??? | | ??????????????????????????????????? #????##???#?? | | ??????????????????????????????????? #???????????? | | ??????????????????????????????????? #???????????? | | ??????????????????????????????????? ????????????? | | ?????????????????????????????????????????????????? | | ?????????????????????????????????????????????????? | +----------------------------------------------------+ Best States ------------- Heat Dissipation 34 Energy Generation 14 Energy Capacity 275 Matter Stores 300 Matter Capacity 300 Sight Range 20 Robot Scan Range 15 Terrain Scan Density 10 Armor Coverage 80 Resistance: KI 20 Resistance: TH 20 Resistance: EX 20 Resistance: EM 20 Resistance: I 20 Resistance: S 20 Resistance: P 20 Core Shielding 20 Utility Shielding 66 Evasion (%) 42 Melee Accuracy 6 Recoil Reduction 2 Force Boost 20 Offensive Hacking 10 Item Schematics ----------------- Imp. Utility Shielding | -8/Materials | Scanalyzed Imp. Treads | -8/Materials | Scanalyzed System Shield | -8/Materials | Scanalyzed Imp. Sensor Array | -8/Materials | Scanalyzed Core Shielding | -8/Materials | Scanalyzed Cargo Storage Unit | -8/Materials | Scanalyzed Flak Cannon | -8/Materials | Scanalyzed Missile Launcher | -8/Materials | Scanalyzed Targeting Computer | -8/Materials | Scanalyzed Arm. Huge Wheel | -8/Materials | Scanalyzed Robot Schematics ------------------ None Fabricated ------------ Nothing Alien Tech Used ----------------- None Achievements -------------- Killing Spree Quick And Dirty Challenges ------------ None Game ------ Seed DeliveryFlightCalibrator Manual? 0 Play Time 01:13:59 Cumulative 128.2 hours Start 2023.05.09 @ 02:08:37 End 2023.05.09 @ 03:23:03 Sessions 1 Manual Loads 0 Difficulty Adventurer Special Mode None Game No. 119 Rogue 72 Adventurer 47 Explorer 0 Win Type - Total 0 Types 0/0/0/0/0/0/0/0/0 Lore% 41 Gallery% 54 Achievement% 41 Wizard Run 0 Options --------- ASCII 0 Keyboard 0 Movement Mouse Keybinds 0 Fullscreen 1 Font 12/Smallcaps Map View 83x54 Tactical HUD 0 Map Filters NONE Filters NONE Steam 1 RUN: 6fb0e152-212a-4c82-8859-098f0171ff79